Map: Catalyst LE

Players

Caerwyn

  • Race: Terran Terran
  • League: Diamond
  • Spawn Location: 11:00

A.I. 1 (Very Easy) - Winner!

  • Race: Zerg Zerg
  • Spawn Location: 5:00

VOD

Have the link to the VOD?

Description

Time

  • Played on: Nov. 6, 2017, 1:26 p.m.
  • Length: 10:30
Show
View Real Time Build Order
Export as new Build Order

Caerwyn Terran 

Build Orders: Reaper Expand, Bio Tank, Hellion Banshee 

Get SALT Encoding   

  12  0:01  SCV  
  13  0:13  SCV  
  14  0:17  Supply Depot  
  14  0:25  SCV  
  15  0:28  Refinery  
  15  0:39  SCV  
  16  0:47  Barracks  
  16  0:51  SCV  
  17  1:03  SCV  
  18  1:15  SCV  
  19  1:34  Reaper, Orbital Command  
  20  1:46  Command Center  
  20  1:58  Factory  
  20  2:01  SCV  
  21  2:06  Refinery  
  21  2:13  SCV  
  21  2:14  Barracks Reactor  
  22  2:20  Supply Depot  
  22  2:25  SCV  
  23  2:41  SCV  
  23  2:42  Starport  
  24  2:54  SCV  
  25  3:00  Hellion x2  
  25  3:01  Barracks Tech Lab  
  25  3:02  Orbital Command  
  29  3:12  SCV  
  30  3:26  Hellion x2  
  34  3:29  Cloaking Field, Viking  
  34  3:31  SCV  
  34  3:34  SCV  
  38  3:41  Supply Depot  
  38  3:44  SCV  
  38  3:47  Hellion  
  43  3:48  Hellion  
  43  3:50  SCV  
  44  3:57  SCV  
  44  4:02  Banshee  
  45  4:05  SCV  
  49  4:11  Supply Depot  
  49  4:15  SCV  
  50  4:27  Factory Reactor  
  50  4:28  Command Center  
  50  4:29  SCV x2  
  52  4:31  Barracks Tech Lab  
  52  4:32  Supply Depot  
  52  4:41  SCV  
  53  4:48  Banshee  
  53  4:50  Barracks x2  
  56  4:54  SCV x2  
  56  4:57  Stimpack  
  58  5:00  Marine  
  58  5:04  Refinery  
  58  5:06  Refinery  
  59  5:10  Engineering Bay  
  59  5:14  Engineering Bay, SCV  
  60  5:15  SCV  
  60  5:16  Factory Tech Lab  
  60  5:20  Marine  
  62  5:26  SCV  
  62  5:27  SCV  
  64  5:38  SCV  
  64  5:39  SCV, Terran Infantry Weapons Level 1  
  64  5:40  Terran Infantry Armor Level 1  
  64  5:41  Marine x2  
  68  5:46  Siege Tank  
  68  5:48  Orbital Command  
  68  5:49  Marine  
  71  5:50  SCV, Marine x2  
  71  5:56  SCV  
  76  5:57  Starport Reactor  
  76  5:59  Marine  
  76  6:02  Marine  
  76  6:03  SCV  
  79  6:07  Marine  
  79  6:08  Supply Depot  
  79  6:10  Marine  
  81  6:14  Marine  
  82  6:22  Orbital Command  
  82  6:24  Siege Tank  
  85  6:30  Marine x3  
  88  6:35  Supply Depot x2  
  88  6:37  Supply Depot  
  88  6:39  SCV x2  
  90  6:43  Armory  
  90  6:46  Medivac  
  90  6:47  Medivac, Barracks  
  94  6:49  SCV, Barracks  
  94  6:51  SCV x2  
  97  6:56  Marine x2  
  97  6:58  Combat Shields, Marine  
  97  6:59  Refinery, Marine  
  97  7:01  SCV, Marine  
  102  7:03  SCV  
  104  7:12  Siege Tank  
  104  7:13  SCV, Factory  
  104  7:14  Marine  
  109  7:21  SCV  
  110  7:24  Supply Depot  
  110  7:25  Supply Depot  
  110  7:27  Marine x4  
  114  7:32  Marine  
  114  7:33  Medivac x2  
  114  7:36  SCV x2  
  121  7:37  SCV  
  121  7:40  Barracks Reactor x2  
  122  7:44  Terran Infantry Weapons Level 2  
  122  7:48  Terran Infantry Armor Level 2  
  122  7:52  Terran Vehicle Weapons Level 1  
  122  7:56  Marine x2  
  122  7:57  Marine x3  
  127  8:01  Siege Tank  
  127  8:04  Siege Tank  
  133  8:06  SCV x3  
  133  8:10  Refinery  
  136  8:16  Supply Depot x2  
  136  8:17  Supply Depot  
  136  8:18  SCV x3  
  139  8:20  Marine x2  
  141  8:37  SCV, Marine x7  
  141  8:38  SCV x2  
  151  8:44  Siege Tank x2  
  151  8:46  Medivac  
  151  8:47  Medivac  
  161  8:49  Marine x2  
  161  8:50  SCV x2  
  165  8:56  Supply Depot, Marine  
  165  8:59  Supply Depot x2, Marine x4  
  170  9:09  Barracks  
  170  9:10  Barracks, Marine x2  
  170  9:11  Marine  
  173  9:17  Marine x2  
  173  9:22  Marine x2  
  173  9:23  Marine x2  
  173  9:24  Siege Tank x2  
  185  9:25  Medivac  
  185  9:28  Medivac, Marine  
  190  9:39  Marine x2  
  190  9:40  Marine  
  193  9:47  Marine x3  
  193  9:50  Command Center, Marauder  
  198  9:55  Medivac  
  198  9:59  Barracks Tech Lab  
  200  10:00  Barracks Tech Lab  
  200  10:12  Starport  
  200  10:14  Starport  
  200  10:20  Missile Turret  
  200  10:22  Missile Turret  
  200  10:23  Missile Turret  
  200  10:24  Missile Turret  
  200  10:26  Sensor Tower  
Show
View Real Time Build Order
Export as new Build Order

A.I. 1 (Very Easy) Zerg - Winner!

Build Orders: Pool First 

Get SALT Encoding   

  12  0:01  Drone  
  13  0:12  Overlord  
  13  0:17  Drone  
  14  0:35  Spawning Pool  
  13  0:37  Drone  
  13  0:41  Extractor  
  13  0:44  Drone  
  14  0:51  Overlord  
  14  1:21  Queen  
  14  1:23  Zergling x2  
  17  1:30  Roach Warren  
  17  1:31  Drone  
  17  1:38  Extractor  
  16  1:41  Drone  
  17  1:51  Zergling x2  
  18  1:59  Drone  
  19  2:06  Drone  
  20  2:16  Drone  
  20  2:20  Zergling x2  
  22  2:27  Overlord  
  22  2:29  Drone  
  23  2:36  Drone  
  24  2:43  Drone  
  25  2:49  Roach  
  27  5:18  Zergling x2  
  27  7:29  Lair, Drone  
  28  7:30  Overlord  
  28  7:34  Zergling x2  
  28  7:36  Drone  
  25  7:43  Drone  
  25  7:50  Drone  
  26  7:53  Hatchery  
  26  7:58  Drone  
  26  8:02  Zergling x2  
  26  8:05  Drone  
  28  8:12  Drone  
  28  8:17  Hatchery  
  27  8:27  Overseer x2  
  27  8:30  Spire  
  27  8:31  Roach  
  28  8:39  Hatchery  
  27  8:59  Zergling x2  
  27  9:26  Hatchery  
  27  9:28  Roach  
  27  9:56  Drone, Hatchery  
  27  9:57  Zergling x2  
  28  10:03  Drone  
  28  10:25  Hatchery  
Tags
 
Add a new tag
Caveats
  • Supply blocks, unpowered buildings, or Contaminate may cause inaccurate times.
  • Supply counts are checked every 10 seconds.